 Dungeon Crawl Stone Soup version 0.27-a0-828-g8289197e94 (webtiles) character file.

Game seed: 7864825140319068435

30 dickylongcocking the Insei (level 3, -1/23 HPs)
             Began as an Octopode Transmuter on Mar 30, 2021.
             Slain by a goblin
             ... wielding a +0 dagger
             ... led by Robin
              (4 damage)
             ... on level 2 of the Dungeon.
             The game lasted 00:00:45 (1850 turns).

dickylongcocking the Insei (Octopode Transmuter)    Turns: 1850, Time: 00:00:46

Health: -1/23      AC:  1    Str:  9    XL:     3   Next: 18%
Magic:  6/6        EV: 13    Int: 16    God:
Gold:   72         SH:  0    Dex: 12    Spells: 5/6 levels left

rFire    . . .     SeeInvis .     - Unarmed
rCold    . . .     Faith    .   (no shield)
rNeg     . . .     Spirit   .   (helmet restricted)
rPois    .         Reflect  .   (no amulet)
rElec    .         Harm     .   (no ring)
rCorr    .         Rampage  .   (no ring)
Will     .....                  (no ring)
Stlth    ++........             (no ring)
HPRegen  0.07/turn              (no ring)
MPRegen  0.10/turn              (no ring)
                                (no ring)
                                (no ring)

@: weak-willed
A: almost no armour, amphibious, 8 rings, camouflage 1, gelatinous body 1,
(nimble swimmer 1), tentacles
a: no special abilities


You were on level 2 of the Dungeon.
You visited 1 branch of the dungeon, and saw 2 of its levels.

You collected 72 gold pieces.

Inventory:

Jewellery
 d - a ring of see invisible
Scrolls
 c - a scroll of teleportation {unknown}
 e - a scroll of identify {unknown}
Potions
 b - a potion of curing {unknown}


   Skills:
 - Level 1.0 Fighting
 - Level 2.0 Dodging
 * Level 4.2 Unarmed Combat
 - Level 2.0 Spellcasting
 - Level 2.0 Transmutations


You had 5 spell levels left.
You knew the following spells:

 Your Spells              Type           Power      Damage    Failure   Level
a - Beastly Appendage     Tmut           16%        N/A       9%          1

Your spell library contained the following spells:

 Spells                   Type           Power      Damage    Failure   Level
 Wereblood                Tmut           8%         N/A       14%         2
 Spider Form              Tmut/Pois      2%         N/A       38%         3
 Ice Form                 Ice/Tmut       4%         N/A       80%         4
 Hydra Form               Tmut           4%         N/A       94%         5


Dungeon Overview and Level Annotations

Branches:
Dungeon (2/15)

Altars:

Shops:
D:1 *

Annotations:
D:2 Robin


Innate Abilities, Weirdness & Mutations

You cannot wear most types of armour.
You are amphibious.
You can wear up to eight rings at the same time.
Your skin changes colour to match your surroundings (Stealth+).
Your rubbery body absorbs attacks. (AC +1, EV +1)
((You are camouflaged near water. (Stealth+)))
You have tentacles for arms and can constrict up to eight enemies at once.


Message History

There are monsters nearby!
The goblin shouts!
You hear a shout!
A goblin comes into view. It is wielding a +0 club.
Robin shouts!
There are monsters nearby!
A goblin comes into view. It is wielding a +0 dagger.
Robin throws the goblin at you! The goblin closely misses you.
The goblin unwields a +0 hunting sling.
The goblin wields a +0 dagger.
The goblin hits you with a +0 dagger.
Found a hand axe.
Unknown command.
The bat hits you but does no damage. The bat barely misses you.
The bat hits you.
Robin roars a battlecry!
The goblins go into a battle-frenzy!
The goblin hits you with a +2 vampiric dagger.
The bat closely misses you. The goblin hits you with a +0 dagger.
The hobgoblin shouts!
The bat hits you but does no damage. The goblin barely misses you.
Okay, then.
Robin's horned helmet rattles.
The goblin misses you.
You closely miss the goblin. Your grab misses the goblin.
The goblin hits you with a +0 dagger. The goblin barely misses you.
The goblin closely misses you.
As you read the scroll labelled VIGET OSIAMOYR, it crumbles to dust.
Magic quickly surges around you.
It was a scroll of vulnerability.
The hobgoblin closely misses you. The goblin closely misses you.
The goblin barely misses you. The goblin completely misses you.
As you read the scroll labelled SEUW XAYXEMUDA, it crumbles to dust.
You hear a loud clanging noise!
It was a scroll of noise.
You hear a shout! x2
The hobgoblin closely misses you. The goblin hits you with a +0 dagger.
* * * LOW HITPOINT WARNING * * *
The goblin hits you with a +0 dagger.
* * * LOW HITPOINT WARNING * * *
The goblin hits you with a +0 dagger.
You die...

# #......... #
#.)#.##.###.# ##
#..#..#.###.# .#
#.....#...... .#
#..#..#..##.#
.###........##.#
......#...#.##.##
.####.#.#.#...gg##
.# #.#.#....ggg@#
.# #.#.##..#.bgg#
.# #.........ggg#
###.....#..gg#
#.....#..#.#
#...#.#..#.#
......g......
......#....#...
.................


You could see Robin (weak-willed), 2 hobgoblins, 9 goblins and a bat
(weak-willed).

Vanquished Creatures
  2 dart slugs (D:1)
  2 endoplasms
  2 giant cockroaches (D:1)
  A goblin (D:1)
  4 jackals (D:1)
  2 kobolds
  6 ball pythons (D:1)
  4 bats (D:1)
  A frilled lizard (D:1)
  A rat (D:1)
25 creatures vanquished.

Notes
Turn   | Place    | Note
-------+----------+-------------------------------------------
     0 | D:1      | dickylongcocking the Octopode Transmuter began the quest
                  | for the Orb.
     0 | D:1      | Reached XP level 1. HP: 13/13 MP: 3/3
     2 | D:1      | Noticed an ogre
     2 | D:1      | Noticed a spriggan
     4 | D:1      | Noticed a tengu
     6 | D:1      | Noticed a gargoyle
     6 | D:1      | Noticed a vampire
     8 | D:1      | Noticed a dwarf
    10 | D:1      | Noticed a demonspawn
    10 | D:1      | Noticed a draconian
    12 | D:1      | Noticed a troll
    12 | D:1      | Noticed a centaur
    14 | D:1      | Noticed a formicid
    14 | D:1      | Noticed a barachi
    16 | D:1      | Noticed a merfolk
    16 | D:1      | Noticed an elf
    18 | D:1      | Noticed an octopode
    18 | D:1      | Noticed a vine stalker
    20 | D:1      | Noticed a felid
    20 | D:1      | Noticed a ghoul
    22 | D:1      | Noticed a demigod
    22 | D:1      | Noticed a palentonga
    24 | D:1      | Noticed a human
    24 | D:1      | Noticed a naga
    26 | D:1      | Noticed a minotaur
   142 | D:1      | Reached XP level 2. HP: 3/18 MP: 5/5
   804 | D:1      | Found Wuischuonna's General Store.
   917 | D:1      | Reached skill level 4 in Unarmed Combat
  1052 | D:1      | Reached XP level 3. HP: 21/23 MP: 6/6
  1836 | D:2      | Noticed Robin
  1850 | D:2      | Slain by a goblin

Illustrated notes

Levels and vault maps discovered:
D:1:      kb_arrival_jail, layout_basic, serial_shops, shop_fountains
D:2:      layout_basic, uniq_robin, uniq_sigmund, uniq_jessica

Skill      XL: |  1  2 |
---------------+-------+-----
Unarmed Combat | 4 |  4.2
Fighting       | |  1.0
Dodging        | |  2.0
Spellcasting   | |  2.0
Transmutations | |  2.0

Action                   || total
-------------------------++-------
Melee: Unarmed           ||    51
       Constrict         ||    12
       Tentacles         ||     7
       Kick              ||     3
       Punch             ||     1
 Cast: Beastly Appendage ||     3
  Use: Scroll            ||     2
 Stab: Sleeping          ||     5
Armor: Skin              ||    12
Dodge: Dodged            ||    50

Table legend: (Time is in decaauts)
 A = Elapsed time spent in this place.
 B = Non-inter-level travel time spent in this place.
 C = Inter-level travel time spent in this place.
 D = Time resting spent in this place.
 E = Time spent auto-exploring this place.
 F = Levels seen in this place.
 G = Mean time per level.
                   A        B        C        D        E       F      G
               +--------+--------+--------+--------+--------+-----+--------+
         Total |   1846 |   1791 |     55 |    237 |   1386 |   2 |  923.0 |
       Dungeon |   1846 |   1791 |     55 |    237 |   1386 |   2 |  923.0 |
               +--------+--------+--------+--------+--------+-----+--------+

Top non-repeatable levels by time:
     D:1: 1565 daAuts
     D:2: 281 daAuts
